 Seeded DCSS version 0.30-a0-1066-g63dfefce0d (webtiles) character file.

Game seed: 5273686565418911137 (custom seed)

4 Hubris850 the Grave Robber (level 1, 13/13 HPs)
             Began as a Vampire Necromancer on Apr 12, 2023.
             Quit the game on level 1 of the Dungeon.
             The game lasted 00:00:20 (103 turns).

Hubris850 the Grave Robber (Vampire Necromancer)     Turns: 103, Time: 00:00:21

Health: 13/13      AC:  2    Str:  7    XL:     1   Next: 50%
Magic:  2/3        EV: 12    Int: 17    God:
Gold:   9          SH:  0    Dex: 14    Spells: 3/4 levels left

rFire   . . .      SeeInvis +    (no weapon)
rCold   . . .      Faith    .    (no shield)
rNeg    . . .      Spirit   .    a - +0 robe
rPois   .          Reflect  .    (no helmet)
rElec   .          Rampage  .    (no cloak)
rCorr   .                        (no gloves)
Will    .....                    (no boots)
Stlth   ++                       (no amulet)
HPRegen 0.42/turn                (no ring)
MPRegen 0.08/turn                (no ring)

@: healing quickly
A: alive, fangs 3, see invisible, vampiric 1
a: Exsanguinate


You were on level 1 of the Dungeon.
You visited 1 branch of the dungeon, and saw 1 of its levels.

You collected 9 gold pieces.

Inventory:

Armour
 a - a +0 robe (worn)
Potions
 b - a potion of magic
 c - a potion of invisibility {unknown}


   Skills:
 + Level 2.3 Dodging
 + Level 3.1 Stealth
 + Level 2.0 Spellcasting
 + Level 4.4 Necromancy


You had 3 spell levels left.
You knew the following spells:

 Your Spells              Type           Power      Damage    Failure   Level
a - Necrotise             Necr           64%        1d7       3%          1

Your spell library contained the following spells:

 Spells                   Type           Power      Damage    Failure   Level
 Vampiric Draining        Necr           16%        2d7       10%         3
 Animate Dead             Necr           16%        N/A       30%         4
 Agony                    Necr           16%        N/A       65%         5


Dungeon Overview and Level Annotations

Branches:
Dungeon (1/15)

Altars:


Innate Abilities, Weirdness & Mutations

Your natural rate of healing is accelerated.
You have razor-sharp teeth.
You have supernaturally acute eyesight. (SInv)
You are afflicted with vampirism.


Message History

Press ? for a list of commands and other information.
Found a staircase leading out of the dungeon.
Found a chain mail.
A bat comes into view.
You see here 9 gold pieces.
The bat misses you.
The bat writhes in agony.
The bat barely misses you. The bat hits you.
The bat writhes in agony.
You kill the bat!
The dead are flying!
HP restored.
Magic restored.
Your bat skeleton crumbles into dust!
You now have 9 gold pieces.
A hobgoblin comes into view.
The hobgoblin shouts!
You miscast Necrotise.
You are very lightly contaminated with residual magic.
Nothing appears to happen.
The hobgoblin writhes in agony.
You kill the hobgoblin!
The dead are walking!
Your magical contamination has completely faded away.
You swap places.
c - an emerald potion Your hobgoblin skeleton crumbles into dust!
A hobgoblin comes into view.
Found 7 stones.
Found 2 scrolls labelled LEWKOPT EJILEKH.
The hobgoblin shouts!
The hobgoblin writhes in agony.
You kill the hobgoblin!
The dead are walking!
You can't see any susceptible monsters within range! (Use Z to cast anyway.)
A dart slug comes into view.
Save game and exit?
Welcome back, Hubris850 the Vampire Necromancer.
Game seed: 5273686565418911137 (custom seed) Press ? for a list of commands and other information.
Are you sure you want to abandon this character and quit the game? (Confirm with "yes".)

#.....##
#.## #.<.##
####...##
#.. #....#
###..## #..
##...#
##..###.##
##..#
##..##..#
..## ##..#.#
[.# ##...# #
.##
##..##Z#..?#
##.@..(..#
#..##w.##
#.## # #..
###


You could see a dart slug and a friendly hobgoblin skeleton.

Vanquished Creatures
  A bat (D:1)
  2 hobgoblins (D:1)
3 creatures vanquished.

Notes
Turn   | Place    | Note
-------+----------+-------------------------------------------
     0 | D:1      | Hubris850 the Vampire Necromancer began the quest for the
                  | Orb.
     0 | D:1      | Reached XP level 1. HP: 13/13 MP: 3/3
   103 | D:1      | Quit the game

Illustrated notes

Levels and vault maps discovered:
D:1:      dpeg_chamrin_arrival_tetris, layout_basic

Action                     || total
---------------------------++-------
   Cast: Necrotise         ||     4
  Dodge: Dodged            ||     2

Table legend: (Time is in decaauts)
 A = Elapsed time spent in this place.
 B = Non-inter-level travel time spent in this place.
 C = Inter-level travel time spent in this place.
 D = Time resting spent in this place.
 E = Time spent auto-exploring this place.
 F = Levels seen in this place.
 G = Mean time per level.
                   A        B        C        D        E       F      G
               +--------+--------+--------+--------+--------+-----+--------+
         Total |    103 |    103 |      0 |      0 |     86 |   1 |  103.0 |
       Dungeon |    103 |    103 |      0 |      0 |     86 |   1 |  103.0 |
               +--------+--------+--------+--------+--------+-----+--------+

Top non-repeatable levels by time:
     D:1: 103 daAuts
